 Dungeon Crawl Stone Soup version 0.30-a0-632-g346586fe48 (webtiles) character file.

Game seed: 16293769579885750572

88 HoaS the Shooter (level 4, -1/26 HPs)
             Began as a Gargoyle Hunter on Jan 13, 2023.
             Slain by a gnoll sergeant
             ... wielding a +4 vampiric spear
              (9 damage)
             ... on level 3 of the Dungeon on Jan 14, 2023.
             The game lasted 00:03:16 (1664 turns).

HoaS the Shooter (Gargoyle Hunter)                  Turns: 1664, Time: 00:03:17

Health: -1/26      AC:  6    Str: 15    XL:     4   Next: 54%
Magic:  4/4        EV: 11    Int:  9    God:
Gold:   96         SH:  0    Dex: 15    Spells: 3/3 levels left

rFire   . . .      SeeInvis .    a - +1 shortbow
rCold   + . .      Faith    .    (shield currently unavailable)
rNeg    + . .      Spirit   .    c - +0 leather armour
rPois   ∞          Reflect  .    (no helmet)
rElec   +          Harm     .    (no cloak)
rCorr   .          Rampage  .    (no gloves)
Will    +....                    (no boots)
Stlth   ++                       (no amulet)
HPRegen 0.24/turn                d - ring of willpower
MPRegen 0.09/turn                l - ring of protection from cold

@: no status effects
A: sickness immunity, AC +3, negative energy resistance 1, electricity
resistance, torment resistance 1, petrification resistance
a: no special abilities


You were on level 3 of the Dungeon.
You visited 1 branch of the dungeon, and saw 3 of its levels.

You collected 96 gold pieces.

Inventory:

Hand Weapons
 a - a +1 shortbow (weapon)
Armour
 c - a +0 leather armour (worn)
Jewellery
 d - a ring of willpower (left hand)
 k - a ring of see invisible
 l - a ring of protection from cold (right hand)
Scrolls
 b - a scroll of immolation
 m - a scroll of poison {unknown}
Potions
 e - 2 potions of haste
 f - 3 potions of lignification
 g - 2 potions of attraction
 h - 2 potions of heal wounds
 i - a potion of flight
 j - a potion of cancellation
 n - 2 potions of curing {unknown}


   Skills:
 - Level 2.1 Fighting
 + Level 5.8 Ranged Weapons
 - Level 1.5 Dodging
 - Level 1.1 Stealth


You had 3 spell levels left.
You didn't know any spells.
Your spell library was empty.

Dungeon Overview and Level Annotations

Branches:
Dungeon (3/15)

Altars:


Innate Abilities, Weirdness & Mutations

You are immune to sickness and miasma.
Your stone body is resilient. (AC +3)
You are immune to poison.
You resist negative energy. (rN+)
You are resistant to electric shocks. (rElec)
You are resistant to unholy torment.
You are immune to petrification.


Message History

The gnoll sergeant shouts!
The arrow hits the gnoll sergeant but does no damage.
You see here a ball python corpse.
You shoot an arrow.
The arrow hits the gnoll sergeant but does no damage.
You shoot an arrow.
The arrow hits the gnoll sergeant but does no damage.
You shoot an arrow. The arrow hits the gnoll sergeant.
The gnoll sergeant is lightly wounded.
You shoot an arrow.
The arrow closely misses the gnoll sergeant.
The gnoll sergeant barely misses you.
You shoot an arrow. The arrow hits the gnoll sergeant.
The gnoll sergeant is moderately wounded.
The gnoll sergeant hits you from afar with a +4 vampiric spear!
The gnoll sergeant hits you from afar with a +4 vampiric spear.
You are too injured to fight recklessly!
You are too injured to fight recklessly!
You are too injured to fight recklessly!
A gnoll comes into view. It is wielding a +0 spear.
The gnoll sergeant misses you.
You shoot an arrow.
The arrow closely misses the gnoll sergeant.
The gnoll shouts!
The arrow hits the gnoll!
The gnoll is severely wounded.
The gnoll sergeant barely misses you.
You shoot an arrow. The arrow hits the gnoll sergeant!
The gnoll sergeant is severely wounded.
The gnoll sergeant hits you but does no damage.
You shoot an arrow. The arrow hits the gnoll sergeant.
The gnoll sergeant is almost dead.
The gnoll sergeant closely misses you.
You shoot an arrow.
The arrow hits the gnoll sergeant but does no damage.
The gnoll sergeant is almost dead.
The gnoll sergeant hits you with a +4 vampiric spear.
The gnoll hits you but does no damage.
The gnoll sergeant hits you with a +4 vampiric spear!
You die...

#....# #.#.# #....# #.#.#
#....# #.#.# #....# #.#.#
#..### #.#.. #.. #.### #g#
#g# #@# #.# #.# #.# ####.#
#####....#########
#.....##.........#
#########.##############.#
....†.....# #<# #.#


You could see a gnoll sergeant and a gnoll.

Vanquished Creatures
  A gnoll (D:3)
  2 adders
  2 worms
  2 dart slugs (D:1)
  3 bats
  2 endoplasms
  2 giant cockroaches
  6 goblins (D:1)
  A hobgoblin (D:2)
  4 jackals (D:2)
  6 kobolds
  3 quokkas (D:1)
  4 ball pythons
  4 frilled lizards
  7 rats
49 creatures vanquished.

Notes
Turn   | Place    | Note
-------+----------+-------------------------------------------
     0 | D:1      | HoaS the Gargoyle Hunter began the quest for the Orb.
     0 | D:1      | Reached XP level 1. HP: 12/12 MP: 1/1
    59 | D:1      | Reached XP level 2. HP: 10/17 MP: 2/2
   407 | D:1      | Reached XP level 3. HP: 19/21 MP: 3/3
   470 | D:1      | Reached skill level 5 in Ranged Weapons
   787 | D:2      | Identified the +9 short sword of Eleps {freeze, Dex+2}
   884 | D:2      | Reached XP level 4. HP: 26/26 MP: 4/4
  1624 | D:3      | Noticed a gnoll sergeant
  1664 | D:3      | Slain by a gnoll sergeant

Illustrated notes

Levels and vault maps discovered:
D:1:      dpeg_arrival_oval, layout_basic, kennysheep_pointless_box,
          minmay_pentomino_x4
D:2:      layout_basic
D:3:      layout_basic, old_standard_altar, serial_shops,
          nicolae_shop_waterfront, ebering_ghost_disaster_area,
          kennysheep_donut, serial_park_tiny_pond

Skill      XL: |  1  2  3 |
---------------+----------+-----
Ranged Weapons | 5 |  5.8
Fighting       | |  2.1
Dodging        | |  1.5
Stealth        | |  1.1

Action                   |  1- 3 |  4- 6 || total
-------------------------+-------+-------++-------
 Fire: Shortbow          |    93 |    40 ||   133
  Use: Scroll            |     5 |     4 ||     9
Armor: Leather armour    |    15 |     8 ||    23
Dodge: Dodged            |    12 |     9 ||    21

Table legend: (Time is in decaauts)
 A = Elapsed time spent in this place.
 B = Non-inter-level travel time spent in this place.
 C = Inter-level travel time spent in this place.
 D = Time resting spent in this place.
 E = Time spent auto-exploring this place.
 F = Levels seen in this place.
 G = Mean time per level.
                   A        B        C        D        E       F      G
               +--------+--------+--------+--------+--------+-----+--------+
         Total |   1698 |   1655 |     43 |    266 |   1092 |   3 |  566.0 |
       Dungeon |   1698 |   1655 |     43 |    266 |   1092 |   3 |  566.0 |
               +--------+--------+--------+--------+--------+-----+--------+

Top non-repeatable levels by time:
     D:2: 707 daAuts
     D:1: 634 daAuts
     D:3: 356 daAuts
